 Dungeon Crawl Stone Soup version 0.18-a0-1120-g03bd624 (webtiles) character file.

2330 gorblad the Blocker (level 9, -8/70 HPs)
             Began as a Black Draconian Fighter on Jan 17, 2016.
             Was a Believer of Dithmenos.
             Mangled by Borgoz's ghost (21 damage)
             ... on level 7 of the Dungeon.
             The game lasted 00:18:08 (7527 turns).

gorblad the Blocker (Black Draconian Fighter)       Turns: 7527, Time: 00:18:08

Health: -8/70      AC: 10    Str: 22    XL:     9   Next: 19%
Magic:  9/9        EV: 17    Int:  8    God:    Dithmenos [**....]
Gold:   282        SH: 11    Dex: 11    Spells: 0 memorised, 8 levels left

rFire  . . .     SeeInvis .     y - +2 falchion (slice)
rCold  . . .     Gourm    .     (armour unavailable)
rNeg   . . .     Faith    .     b - +0 shield
rPois  +         Spirit   .     (helmet restricted)
rElec  +         Dismiss  .     t - +0 cloak
rCorr  .         Reflect  .     o - +0 pair of gloves
SustAt .         Harm     .     k - +0 pair of boots
MR     .....                    (no amulet)
Stlth  +.........               E - ring of poison resistance
                                l - +3 ring of evasion

@: wreathed by umbra, not resistant to hostile enchantments, very unstealthy
A: breathe lightning, unfitting armour, electricity resistance, cold-blooded, AC
+7
a: Breathe Lightning, Shadow Step, Renounce Religion


You were on level 7 of the Dungeon.
You worshipped Dithmenos.
Dithmenos was pleased with you.
You were hungry.

You visited 1 branch of the dungeon, and saw 7 of its levels.

You collected 282 gold pieces.

Inventory:

Hand Weapons
 a - a +1 long sword
 y - a +2 falchion of slicing (weapon)
Armour
 b - a +0 shield (worn)
 k - a +0 pair of boots (worn)
 o - a +0 pair of gloves (worn)
 t - a +0 cloak (worn)
Magical Staves
 h - an uncursed staff of conjuration
Jewellery
 f - an uncursed ring of flight
 l - a +3 ring of evasion (left hand)
 E - a ring of poison resistance (right hand)
Wands
 u - a wand of digging (17/24)
 v - a wand of random effects (26/48)
 C - a wand of polymorph (17/24)
Scrolls
 e - 3 scrolls of remove curse
 r - a scroll of amnesia
 x - 3 scrolls of recharging
 F - 2 scrolls of teleportation
Potions
 c - a potion of haste {unknown}
 g - a potion of lignification {unknown}
 m - 3 potions of mutation
 p - a potion of magic {unknown}
 q - a potion of heal wounds {unknown}
 s - a potion of brilliance {unknown}
 w - a potion of flight {unknown}
 z - a potion of invisibility {unknown}
 A - 2 potions of poison {unknown}
 B - a potion of cure mutation {unknown}
 D - a potion of beneficial mutation {unknown}
 I - a potion of agility {unknown}
 J - 2 potions of curing
Comestibles
 d - 9 bread rations
 i - 3 meat rations
 j - 5 chunks of flesh
 n - 10 fruits
 G - 2 slices of pizza


   Skills:
 - Level 3.2 Fighting
 - Level 2.0 Long Blades
 + Level 8.5 Dodging
 + Level 9.3 Shields


You had 8 spell levels left.
You didn't know any spells.

Dungeon Overview and Level Annotations

Branches:
Dungeon (7/15)             Temple (0/1) D:5

Altars:
Dithmenos
Elyvilon
Kikubaaqudgha
Pakellas
Ru
Vehumet
Xom
The Shining One
Beogh

Annotations:
D:7 Borgoz's ghost, novice GrFi


Innate Abilities, Weirdness & Mutations

You can breathe wild blasts of lightning.
Your glossy black scales are hard (AC +7).
Your body does not fit into most forms of armour.
You are resistant to electric shocks.
You are cold-blooded and may be slowed by cold attacks.


Message History

Borgoz's ghost is lightly damaged.
Borgoz's ghost hits you.
You closely miss Borgoz's ghost.
Your tail-slap misses Borgoz's ghost.
Borgoz's ghost is lightly damaged.
Borgoz's ghost hits you! You block Borgoz's ghost's attack.
You barely miss Borgoz's ghost.
Borgoz's ghost is lightly damaged.
Borgoz's ghost hits you!
* * * LOW HITPOINT WARNING * * *
You are too injured to fight recklessly!
You are too injured to fight recklessly!
You are too injured to fight recklessly!
You are too injured to fight recklessly!
You are too injured to fight recklessly!
You are too injured to fight recklessly!
You are too injured to fight recklessly!
You are too injured to fight recklessly!
Drink which item? (? for menu, Esc to quit)
You feel better. Borgoz's ghost hits you!!
You die...

####[.# .(....# ......#
......# ...#.#####
######## ..........
..#...# ##.#.####
#.#.#.#.#
##.#.##########.#.#.#.#
#..............W@...#.#
...........(....###.#.#
####.############...#.#
..##.##############.#.#
#.....).............#.#
......................##
.#.....................#
..##.#################.#
#.##.# #.#


You could see Borgoz's ghost.

Vanquished Creatures
  Eustachio (D:5)
  A hippogriff (D:7)
  An ice beast (D:5)
  An orc warrior (D:5)
  2 necrophages
  3 ogres
  2 centaurs
  2 giant frogs
  A scorpion (D:7)
  4 crimson imps
  A quasit (D:7)
  2 hounds
  Crazy Yiuf (D:2)
  An orc priest (D:5)
  A centaur skeleton (D:6)
  Terence (D:3)
  10 orc wizards
  4 worker ants
  A hound zombie (D:5)
  A worker ant zombie (D:6)
  11 gnolls
  13 adders
  An adder skeleton (D:6)
  4 worms
  3 giant geckos
  33 orcs
  4 ball pythons
  8 bats
  7 giant cockroaches
  12 goblins
  7 hobgoblins
  5 jackals (D:1)
  9 kobolds
  A quokka (D:6)
  2 giant gecko skeletons
  5 giant newts
  A jackal skeleton (D:6)
  A quokka skeleton (D:5)
  A quokka zombie (D:5)
  9 rats
  2 withered plants (D:2)
180 creatures vanquished.

Notes
Turn   | Place    | Note
--------------------------------------------------------------
     0 | D:1      | gorblad the Draconian Fighter began the quest for the Orb.
     0 | D:1      | Reached XP level 1. HP: 19/19 MP: 1/1
   367 | D:1      | Reached XP level 2. HP: 6/26 MP: 2/2
  1402 | D:2      | Reached XP level 3. HP: 17/31 MP: 3/3
  1942 | D:2      | Reached skill level 4 in Shields
  1994 | D:2      | Reached XP level 4. HP: 34/38 MP: 4/4
  2032 | D:2      | Noticed Crazy Yiuf
  2039 | D:2      | Killed Crazy Yiuf
  2119 | D:2      | Found a sacrificial altar of Ru.
  2210 | D:2      | Found an ancient bone altar of Kikubaaqudgha.
  2364 | D:2      | Found an oddly glowing altar of Pakellas.
  2492 | D:2      | Noticed a giant frog
  2498 | D:2      | Killed a giant frog
  2498 | D:2      | Reached XP level 5. HP: 20/45 MP: 5/5
  2763 | D:3      | Found a shimmering altar of Xom.
  2815 | D:3      | Found a white marble altar of Elyvilon.
  2816 | D:3      | Noticed Terence
  2829 | D:3      | Killed Terence
  2859 | D:3      | Reached skill level 5 in Shields
  3530 | D:4      | Reached XP level 6. HP: 51/51 MP: 6/6
  3778 | D:4      | Reached skill level 5 in Dodging
  3852 | D:4      | Found a radiant altar of Vehumet.
  3852 | D:4      | Found a shadowy altar of Dithmenos.
  4129 | D:4      | Became a worshipper of Dithmenos the Shadowed
  4301 | D:5      | Entered Level 5 of the Dungeon
  4358 | D:5      | Reached skill level 6 in Shields
  4358 | D:5      | Reached XP level 7. HP: 17/57 MP: 7/7
  4358 | D:5      | Your scales start taking on a glossy black colour.
  4358 | D:5      | Gained mutation: You are resistant to electric shocks. [Black Draconian growth]
  4623 | D:5      | Noticed Eustachio
  4687 | D:5      | Killed Eustachio
  5043 | D:5      | Found a staircase to the Ecumenical Temple.
  5163 | D:5      | Reached skill level 7 in Shields
  5319 | D:5      | Reached XP level 8. HP: 63/63 MP: 8/8
  5611 | D:5      | Found a runed door.
  5678 | D:5      | Reached * piety under Dithmenos
  6286 | D:6      | Reached skill level 8 in Shields
  6398 | D:5      | Found a roughly hewn altar of Beogh.
  6760 | D:6      | Reached ** piety under Dithmenos
  6874 | D:6      | Found a glowing golden altar of the Shining One.
  7092 | D:7      | Reached skill level 9 in Shields
  7092 | D:7      | Reached XP level 9. HP: 59/68 MP: 9/9
  7500 | D:7      | Noticed Borgoz's ghost (novice GrFi)
  7527 | D:7      | Mangled by Borgoz's ghost

Vault maps used:
D:1:      dpeg_arrival_brainrot
D:2:      kiku_gazebo_garden_becter, lemuel_doored_altar, first_bread,
          hangedman_feature_mirror, grunt_decor_mini_mirrors,
          johnstein_pakellas_dig, uniq_crazy_yiuf_cottage
D:3:      lemuel_round_altar, xom_teletrap_fun, uniq_terence
D:4:      lemuel_upstairs_altar, gammafunk_temple_overflow_pools
D:5:      temple_green, minmay_door_square, lightli_church_of_beogh,
          uniq_eustachio
D:6:      tso_altar
D:7:      uniq_duvessa

Action                   |  1- 3 |  4- 6 |  7- 9 || total
-------------------------+-------+-------+-------++-------
Melee: Long sword        |   151 |   227 |   170 ||   548
       Falchion          |       |       |   262 ||   262
 Abil: Breathe Lightning |       |       |     4 ||     4
  Use: Scroll            |     4 |     5 |     6 ||    15
       Potion            |     1 |       |     4 ||     5
 Stab: Sleeping          |     2 |     2 |     1 ||     5
  Eat: Chunk             |     4 |     7 |     7 ||    18
       Meat ration       |       |       |     1 ||     1
